 Dungeon Crawl Stone Soup version 0.23.2-1-ga50397a6bc (webtiles) character file.

Game seed: 17041435336983986817

76 BeezOne84 the Bolt Thrower (level 4, -1/27 HPs)
             Began as a Kobold Hunter on May 7, 2019.
             Slain by an adder (4 damage)
             ... on level 2 of the Dungeon.
             The game lasted 00:17:50 (1822 turns).

BeezOne84 the Bolt Thrower (Kobold Hunter)          Turns: 1822, Time: 00:17:51

Health: -1/27      AC:  8    Str:  6 (9)  XL:     4   Next: 57%
Magic:  4/4        EV:  3    Int: 11 (12) God:
Gold:   178        SH:  0    Dex: 15 (16) Spells: 3/3 levels left

rFire    . . .     SeeInvis .   b - +0 short sword
rCold    . . .     Gourm    .   (shield restricted)
rNeg     . . .     Faith    .   i - +0 chain mail
rPois    .         Spirit   .   (no helmet)
rElec    .         Reflect  .   (no cloak)
rCorr    .         Harm     .   (no gloves)
MR       .....                  (no boots)
Stlth    ..........             (no amulet)
HPRegen  0.09/turn              (no ring)
MPRegen  0.09/turn              (no ring)

@: very slightly contaminated, invisible
A: small, carnivore
a: no special abilities


You were on level 2 of the Dungeon.
You were not hungry.

You visited 1 branch of the dungeon, and saw 3 of its levels.

You collected 178 gold pieces.

Inventory:

Hand Weapons
 a - a +1 hand crossbow
 b - a +0 short sword (weapon)
Missiles
 e - 146 stones (quivered)
Armour
 c - a +0 leather armour
 h - a +0 ring mail
 i - a +0 chain mail (worn)
Comestibles
 f - 2 rations


   Skills:
 + Level 2.6 Fighting
 + Level 1.1 Short Blades
 + Level 6.2 Crossbows
 + Level 0.3 Armour
 + Level 2.7 Dodging
 * Level 1.8 Stealth


You had 3 spell levels left.
You didn't know any spells.
Your spell library was empty.

Dungeon Overview and Level Annotations

Branches:
Dungeon (3/15)

Altars:
Fedhas


Innate Abilities, Weirdness & Mutations

You are small and have problems with some larger weapons.
You are carnivorous and can eat meat at any time.


Message History

You hit the adder.
The adder is severely wounded.
Wield which item (- for none, * to show all)? (? for menu, Esc to quit)
a - a +1 hand crossbow (weapon)
Wield which item (- for none, * to show all)? (? for menu, Esc to quit)
b - a +0 short sword (weapon)
You hit the adder but do no damage.
The adder is severely wounded.
The adder bites you.
* * * LOW HITPOINT WARNING * * *
The adder bites you but does no damage.
You miss the adder.
The adder is severely wounded.
You feel sick.
You are no longer poisoned.
The adder bites you but does no damage.
You miss the adder.
The adder is heavily wounded.
The adder bites you.
You die...

#....รท..................##.##
#.###.....######............#
#.# #.###........######.##.##
#.# #.# #........# #.##.# #.#
#.###..####.## #.##.# ##.#
#......# #.# #.##.#
...#####.##.# #.# #.##.#
.....# #.##.# #.# #.##.#
..##.# #.##.# #@# #....#
..##.###.##.####S# #..###
.........##.##...## #..#
..##.##.......###.## #..#
..#(#.#.###..## ##.# #..#
...###.......# #>#####..#
..#.#.#.####.## ##........#
..##.##.# #..###.######.##
.....##.# ###...## #.##


You could see an adder.

Vanquished Creatures
  An adder (D:3)
  An ooze (D:1)
  A worm (D:2)
  3 orcs (D:3)
  2 giant cockroaches (D:3)
  5 goblins
  7 hobgoblins
  3 jackals
  11 kobolds
  7 bats
  4 frilled lizards
  6 rats
51 creatures vanquished.

Notes
Turn   | Place    | Note
-------+----------+-------------------------------------------
     0 | D:1      | BeezOne84 the Kobold Hunter began the quest for the Orb.
     0 | D:1      | Reached XP level 1. HP: 12/12 MP: 1/1
     6 | D:1      | Reached skill level 5 in Crossbows
    70 | D:1      | Reached XP level 2. HP: 17/17 MP: 2/2
   295 | D:1      | Reached XP level 3. HP: 22/22 MP: 3/3
  1118 | D:2      | Reached skill level 6 in Crossbows
  1346 | D:2      | Reached XP level 4. HP: 27/27 MP: 4/4
  1533 | D:2      | Found a blossoming altar of Fedhas.
  1757 | D:3      | Reached skill level 1 in Short Blades
  1822 | D:2      | Slain by an adder

Skill      XL: |  1  2  3  4 |
---------------+-------------+-----
Crossbows      | 5 6 |  6.2
Short Blades   | 1 |  1.1
Fighting       | |  2.6
Armour         | |  0.3
Dodging        | |  2.7
Stealth        | |  1.8

Action                   |  1- 3 |  4- 6 || total
-------------------------+-------+-------++-------
Melee: Short sword       |    42 |    42 ||    84
 Fire: Hand crossbow     |    69 |    21 ||    90
Throw: Stone             |     1 |     1 ||     2
  Use: Potion            |     2 |     5 ||     7
       Scroll            |     7 |       ||     7
 Stab: Invisible         |       |     1 ||     1
  Eat: Ration            |     1 |     1 ||     2
Armor: Leather armour    |     1 |       ||     1
       Chain mail        |    10 |    32 ||    42
       Ring mail         |    10 |       ||    10
Dodge: Dodged            |    23 |    17 ||    40
